 Dungeon Crawl Stone Soup version 0.30-a0-241-g1121274140 (webtiles) character file.

Game seed: 16293147687869999635

1058 gelatine the Slasher (level 8, -6/61 HPs)
             Began as a Barachi Reaver on Oct 11, 2022.
             Killed by nerve-wracking pain
             ... invoked by an orc priest
              (10 damage)
             ... on level 5 of the Dungeon.
             The game lasted 00:14:12 (4097 turns).

gelatine the Slasher (Barachi Reaver)               Turns: 4097, Time: 00:14:12

Health: -6/61      AC:  9    Str: 13    XL:     8   Next: 27%
Magic:  11/11      EV: 13    Int: 15    God:
Gold:   282        SH:  6    Dex: 12    Spells: 8/11 levels left

rFire   + . .      SeeInvis .    a - +2 falchion
rCold   . . .      Faith    .    f - +2 buckler
rNeg    . . .      Spirit   .    k - +1 steam dragon scales
rPois   .          Reflect  .    h - +1 helmet
rElec   .          Harm     .    (no cloak)
rCorr   .          Rampage  .    (no gloves)
Will    .....      Clarity  +    (no boots)
Stlth   ++........               d - amulet "Roczofae" {+Blink Regen+}
HPRegen 1.10/turn                m - ring of protection from fire
MPRegen 0.12/turn                (no ring)

@: slow
A: amphibious, slowness 1, strong legs 1, +LOS, hooves 1, clarity
a: Hop, Evoke Blink


You were on level 5 of the Dungeon.
You visited 1 branch of the dungeon, and saw 5 of its levels.
You also visited: Ossuary.

You collected 306 gold pieces.
You spent 24 gold pieces at shops.

Inventory:

Hand Weapons
 a - a +2 falchion (weapon)
Armour
 f - a +2 buckler (worn)
 h - a +1 helmet (worn)
 k - +1 steam dragon scales (worn)
Jewellery
 b - an amulet of guardian spirit
 d - the amulet "Roczofae" (around neck) {+Blink Regen+}
   (You found it on level 4 of the Dungeon)

   [amulet of regeneration]

   +Blink:    It lets you blink.
   Regen:     It increases your rate of health regeneration.
 m - a ring of protection from fire (left hand)
Wands
 n - a wand of polymorph (7)
Scrolls
 e - a scroll of fog
 g - a scroll of enchant armour
 i - 5 scrolls of identify
 l - a scroll of fear {unknown}
 o - a scroll of summoning {unknown}
 r - a scroll of noise {unknown}
Potions
 c - a potion of attraction
 j - 4 potions of flight
 p - 2 potions of mutation
 q - a potion of brilliance {unknown}


   Skills:
 * Level 4.7 Fighting
 + Level 7.4 Long Blades
 * Level 4.3 Armour
 * Level 4.3 Dodging
 * Level 1.9 Stealth
 * Level 2.4 Shields
 + Level 2.4 Spellcasting
 + Level 3.7 Conjurations
 * Level 2.0 Evocations


You had 8 spell levels left.
You knew the following spells:

 Your Spells              Type           Power      Damage    Failure   Level
a - Kiss of Death         Conj/Necr      28%        2d7       13%         1
b - Momentum Strike       Conj/Tloc      14%        3d8       21%         2

Your spell library contained the following spells:

 Spells                   Type           Power      Damage    Failure   Level
 Hailstorm                Conj/Ice       7%         3d4       36%         3


Dungeon Overview and Level Annotations

Branches:
Dungeon (5/15)            Ossuary (visited)
 Temple: D:4-7

Altars:
Qazlal

Shops:
D:1 ?   D:2 [

Annotations:
D:4 3 runed translucent doors, sirJeffrey23's ghost, novice DrEE


Innate Abilities, Weirdness & Mutations

You are amphibious.
You cover ground slowly.
You can hop short distances.
You have an extended range of vision and can be seen from far away.
You have large cloven feet.
You possess an exceptional clarity of mind.


Message History

The orc misses you. The orc priest completely misses you.
The orc wizard casts a spell at you. You resist with some effort.
You block the orc warrior's attack.
The orc priest begins to cast a cantrip, but forgets the words!
The orc hits you with a +0 trident.
The orc wizard points at you and mumbles some strange words.
You feel momentarily confused.
You barely miss the orc priest. Your kick misses the orc priest.
The orc warrior hits you but does no damage.
You slash the orc priest! Your kick misses the orc priest.
The orc priest is heavily wounded.
The orc barely misses you. The orc priest barely misses you.
The orc wizard hits you but does no damage.
You block the orc warrior's attack.
You barely miss the orc priest.
The orc priest is heavily wounded.
The orc barely misses you. The orc wizard casts a spell at you.
You resist with some effort.
The orc priest hits you but does no damage.
The orc warrior hits you with a +0 long sword!
The orc priest hits you with a +0 long sword.
* * * LOW HITPOINT WARNING * * *
The orc hits you but does no damage. The orc wizard closely misses you.
You closely miss the orc priest.
The orc priest is heavily wounded.
The orc warrior hits you with a +0 long sword.
* * * LOW HITPOINT WARNING * * *
You block the orc's attack. The orc priest barely misses you.
The orc wizard hits you but does no damage.
You closely miss the orc priest. Your kick misses the orc priest.
The orc priest is heavily wounded.
The orc warrior hits you with a +0 long sword!
* * * LOW HITPOINT WARNING * * *
You slash the orc priest!
The orc priest is almost dead.
You block the orc's attack. You block the orc wizard's attack.
The orc priest calls down the wrath of Beogh upon you.
Pain shoots through your body!
You die...

.#.. # ..... ##.. .... #....
#...# .. ##.... ##...# .. .....##
#...# .. ..........#####...# ##..
.............o.o...# #..#
........ #.....@o...## ##..
.......)###.#.o......## #..#
#.......#..#.##.......#### #..#
#.......#.......###)....###..#
#.......##.#..##.###)......##
#...............##..##.....## .
##..............#####.##....##
.###.........#.......#####..))..#
..#..........#...##....###......#


You could see an orc warrior, an orc priest, an orc wizard and an orc.

Vanquished Creatures
  Sigmund (D:4)
  A steam dragon (D:4)
  An ogre (D:5)
  An elf zombie (Ossuary)
  A scorpion (D:4)
  A howler monkey (D:5)
  3 centaur zombies (Ossuary)
  3 human zombies (Ossuary)
  An orc priest (D:4)
  2 iguanas (D:5)
  2 mummies (Ossuary)
  7 gnolls (D:5)
  6 adders
  A shadow imp (D:5)
  A white imp (D:5)
  An ufetubus (D:5)
  An adder zombie (Ossuary)
  4 orcs (D:4)
  8 endoplasms
  5 goblins
  6 hobgoblins
  5 jackals (D:4)
  4 kobolds
  2 quokkas
  2 ball pythons
  3 bats
  A frilled lizard (D:1)
  4 hobgoblin zombies (Ossuary)
  2 jackal zombies (Ossuary)
  8 kobold zombies (Ossuary)
  14 orc zombies (Ossuary)
  4 rats
  A rat zombie (Ossuary)
107 creatures vanquished.

Vanquished Creatures (others)
  4 fungi (D:4)
  13 plants (D:1)
17 creatures vanquished.

Grand Total: 124 creatures vanquished

Notes
Turn   | Place    | Note
-------+----------+-------------------------------------------
     0 | D:1      | gelatine the Barachi Reaver began the quest for the Orb.
     0 | D:1      | Reached XP level 1. HP: 17/17 MP: 3/3
   213 | D:1      | Reached XP level 2. HP: 17/20 MP: 5/5
   420 | D:1      | Found Amymo's Magic Scroll Shop.
   423 | D:1      | Bought a scroll of identify for 24 gold pieces
   617 | D:2      | Reached skill level 4 in Long Blades
   674 | D:2      | Reached XP level 3. HP: 18/24 MP: 6/6
  1109 | D:2      | Found Erezik's Antique Armour Shop.
  1261 | D:2      | Reached skill level 1 in Armour
  1731 | D:3      | Found a stormy altar of Qazlal.
  1737 | D:3      | Noticed Sigmund
  2086 | D:4      | Reached XP level 4. HP: 12/32 MP: 7/7
  2237 | D:4      | Noticed a scorpion
  2249 | D:4      | Killed a scorpion
  2250 | D:4      | Reached skill level 5 in Long Blades
  2250 | D:4      | Reached XP level 5. HP: 31/41 MP: 8/8
  2345 | D:4      | Killed Sigmund
  2346 | D:4      | Reached skill level 6 in Long Blades
  2346 | D:4      | Reached skill level 1 in Shields
  2346 | D:4      | Reached XP level 6. HP: 24/47 MP: 9/9
  2730 | D:4      | Found a runed translucent gate.
  2730 | D:4      | Found a runed translucent gate.
  2730 | D:4      | Found a runed translucent gate.
  2761 | D:4      | Identified the amulet "Roczofae" {+Blink Regen+}
  3004 | D:4      | Noticed a steam dragon
  3016 | D:4      | Gained mutation: You possess an exceptional clarity of
                  | mind. [potion of mutation]
  3016 | D:4      | Gained mutation: You have large cloven feet. [potion of
                  | mutation]
  3021 | D:4      | Killed a steam dragon
  3022 | D:4      | Reached XP level 7. HP: 10/53 MP: 10/10
  3082 | D:4      | Noticed sirJeffrey23's ghost (novice DrEE)
  3182 | D:5      | Entered Level 5 of the Dungeon
  3186 | D:5      | Learned a level 2 spell: Momentum Strike
  3190 | D:5      | Found a sand-covered staircase.
  3198 | Ossuary  | Entered an ossuary
  3342 | Ossuary  | Reached skill level 1 in Stealth
  3349 | Ossuary  | Reached skill level 1 in Evocations
  3455 | Ossuary  | Reached skill level 7 in Long Blades
  3605 | D:5      | Reached XP level 8. HP: 36/61 MP: 11/11
  4096 | D:5      | HP: 3/61 [orc warrior/+0 long sword (14)]
  4097 | D:5      | Killed from afar by an orc priest

Illustrated notes

Levels and vault maps discovered:
D:1:      roderic_crop_circles_arrival_small, layout_loops_ring, serial_shops,
          nicolae_shop_window_shopping
D:2:      layout_basic, serial_shops, nicolae_shop_crystal
D:3:      layout_rooms, grunt_qazlal_sundering, uniq_sigmund
D:4:      layout_basic, gammafunk_ghost_icy, dreamdust_mushroom_princess,
          hex_intersection, minmay_diced_spiral
D:5:      layout_layer_cave, gammafunk_temple_overflow_elements,
          enter_ossuary_3, kennysheep_generic_room_12

Skill      XL: |  1  2  3  4  5  6  7  8 |
---------------+-------------------------+-----
Long Blades    | 4 5 6 7 |  7.4
Armour         | 1 2 3 4 |  4.3
Fighting       | 3 4 |  4.7
Dodging        | 3 4 |  4.3
Shields        | 1 2 |  2.4
Stealth        | 1 |  1.9
Evocations     | 1 2 |  2.0
Spellcasting   | |  2.4
Conjurations   | |  3.7

Action                   |  1- 3 |  4- 6 |  7- 9 || total
-------------------------+-------+-------+-------++-------
Melee: Falchion          |    99 |    74 |   250 ||   423
       Kick              |       |     2 |    87 ||    89
Throw: Boomerang         |       |       |     1 ||     1
 Cast: Kiss of Death     |     2 |     1 |       ||     3
 Abil: Hop               |     1 |       |     2 ||     3
       Evoke Blink       |       |       |     1 ||     1
Evoke: Wand              |       |       |     1 ||     1
  Use: Scroll            |     7 |       |     3 ||    10
       Potion            |       |     4 |       ||     4
 Stab: Sleeping          |       |       |     1 ||     1
Armor: Leather armour    |    38 |    13 |       ||    51
       Skin              |       |    12 |       ||    12
       Steam dragon scal |       |       |    75 ||    75
Dodge: Dodged            |    59 |    39 |   137 ||   235
Block: Buckler           |     8 |    15 |    61 ||    84

Table legend: (Time is in decaauts)
 A = Elapsed time spent in this place.
 B = Non-inter-level travel time spent in this place.
 C = Inter-level travel time spent in this place.
 D = Time resting spent in this place.
 E = Time spent auto-exploring this place.
 F = Levels seen in this place.
 G = Mean time per level.
                   A        B        C        D        E       F      G
               +--------+--------+--------+--------+--------+-----+--------+
         Total |   4700 |   4535 |    165 |     57 |   3372 |   6 |  783.3 |
       Dungeon |   4375 |   4210 |    165 |     57 |   3295 |   5 |  875.0 |
       Ossuary |    325 |    325 |      0 |      0 |     76 |   1 |  325.0 |
               +--------+--------+--------+--------+--------+-----+--------+

Top non-repeatable levels by time:
     D:4: 1286 daAuts
     D:2: 1242 daAuts
     D:1: 712 daAuts
     D:5: 704 daAuts
     D:3: 429 daAuts
 Ossuary: 325 daAuts
